Map: Jagannatha LE

Players

ATomCorp - Winner!

  • Race: Terran Terran
  • League: Gold
  • Spawn Location: 1:00

Anarchy

  • Race: Terran Terran
  • League: Gold
  • Spawn Location: 7:00

VOD

Have the link to the VOD?

Description

Time

  • Played on: Oct. 26, 2020, 4:07 a.m.
  • Length: 22:50
Show
View Real Time Build Order
Export as new Build Order

ATomCorp Terran - Winner!

Build Orders:  

Get SALT Encoding   

  12  0:01  SCV  
  13  0:17  SCV, Supply Depot  
  14  0:29  SCV  
  15  0:40  Barracks  
  15  0:43  Refinery  
  15  0:46  SCV  
  16  0:58  SCV  
  17  1:27  Barracks Tech Lab  
  17  1:34  Supply Depot, Command Center  
  17  1:48  Marauder  
  17  1:52  SCV  
  20  2:08  Factory  
  20  2:13  Marauder  
  20  2:14  SCV  
  23  2:26  SCV  
  23  2:27  Refinery  
  24  2:45  Marauder  
  24  2:49  SCV  
  27  2:51  SCV  
  28  3:00  Factory Tech Lab  
  28  3:01  SCV  
  28  3:03  SCV  
  30  3:11  Starport  
  30  3:13  SCV  
  30  3:15  SCV  
  32  3:28  SCV  
  32  3:29  Cyclone  
  36  3:38  Supply Depot  
  36  3:40  SCV  
  37  3:43  SCV  
  38  3:51  Starport Reactor  
  38  3:55  SCV, Supply Depot  
  39  3:59  Marauder  
  41  4:07  Orbital Command  
  41  4:08  SCV  
  42  4:18  Supply Depot, Cyclone  
  42  4:21  SCV, Marauder  
  48  4:24  Concussive Shells  
  48  4:33  SCV  
  48  4:34  SCV  
  50  4:40  Refinery  
  50  4:45  Viking x2, SCV  
  55  4:46  SCV  
  56  5:01  Supply Depot  
  56  5:05  SCV x2  
  58  5:07  Factory  
  58  5:16  Marauder  
  58  5:17  SCV x2  
  62  5:22  Viking  
  64  5:36  Siege Tank  
  64  5:38  Marauder  
  69  5:45  SCV  
  69  5:46  SCV  
  71  5:50  Refinery  
  71  5:55  Supply Depot  
  71  5:58  SCV, Marine  
  71  6:01  Factory Tech Lab  
  73  6:07  Engineering Bay  
  73  6:10  Liberator  
  76  6:15  Hellion  
  76  6:16  Marine  
  79  6:18  Armory  
  79  6:20  SCV x2  
  79  6:25  Siege Tank  
  84  6:32  SCV x2  
  86  6:49  SCV x2, Supply Depot, Marine  
  86  6:50  Hellion, Terran Infantry Weapons Level 1  
  91  7:07  Marine  
  92  7:15  Command Center, Orbital Command  
  92  7:23  Siege Tank  
  92  7:24  Siege Tank  
  92  7:26  Liberator  
  101  7:32  Supply Depot  
  101  7:37  Supply Depot  
  101  7:40  Terran Vehicle Weapons Level 1  
  101  7:46  Stimpack  
  101  7:54  Viking, Marauder  
  105  8:01  Supply Depot  
  105  8:07  SCV x2  
  105  8:09  Supply Depot, Medivac  
  109  8:19  SCV x2  
  111  8:31  SCV x2  
  113  8:43  SCV x2  
  115  8:55  SCV  
  60  9:46  Thor  
  60  9:47  Cyclone  
  60  9:50  Marauder  
  60  9:51  Viking x2  
  75  10:08  Refinery  
  75  10:11  Marauder  
  75  10:14  Refinery  
  77  10:16  Terran Vehicle And Ship Armor Level 1  
  77  10:18  Armory  
  77  10:20  Siege Tank  
  77  10:21  Medivac, Liberator  
  83  10:22  Supply Depot  
  83  10:25  SCV x3  
  88  10:29  Siege Tank  
  91  10:37  Command Center  
  91  10:41  Marauder  
  93  10:43  Terran Infantry Weapons Level 2  
  93  10:45  Supply Depot  
  93  10:51  Viking  
  93  10:52  Siege Tank  
  98  11:01  Siege Tank  
  98  11:03  Marauder  
  98  11:04  Viking  
  105  11:07  Factory  
  105  11:12  Orbital Command  
  105  11:21  Supply Depot, Smart Servos  
  105  11:24  Marauder, Siege Tank  
  110  11:32  SCV x2  
  112  11:41  Siege Tank  
  112  11:43  Viking x2, Supply Depot  
  112  11:44  SCV x2  
  112  11:46  Marauder  
  123  11:49  Terran Vehicle Weapons Level 2  
  123  11:55  Factory  
  123  11:56  SCV, Siege Tank  
  123  11:57  SCV  
  128  12:03  SCV x2  
  128  12:04  Refinery  
  128  12:07  Marauder, Factory Tech Lab  
  132  12:08  SCV  
  132  12:09  SCV  
  132  12:14  Liberator  
  132  12:15  SCV x2, Liberator  
  142  12:21  SCV x2  
  144  12:27  SCV x2  
  144  12:28  Marauder  
  148  12:32  Refinery, Siege Tank x2  
  148  12:33  SCV x2  
  156  12:42  SCV  
  156  12:43  SCV  
  158  12:50  Marauder  
  160  12:51  Factory Tech Lab  
  160  13:04  Terran Vehicle And Ship Armor Level 2  
  160  13:06  Command Center  
  160  13:07  Terran Infantry Weapons Level 3  
  160  13:11  Marauder  
  162  13:23  Planetary Fortress  
  162  13:27  Missile Turret  
  162  13:31  Missile Turret  
  162  13:33  Siege Tank x2  
  162  13:34  Thor x2  
  168  13:35  Command Center  
  168  13:36  Viking  
  182  13:50  Missile Turret  
  182  13:54  Missile Turret  
  182  14:11  Terran Vehicle Weapons Level 3  
  181  14:17  Factory  
  153  14:53  Viking x2  
  157  15:01  Siege Tank x3  
  157  15:02  Thor  
  172  15:08  Marauder  
  172  15:13  Planetary Fortress  
  174  15:23  Viking x2  
  178  15:30  Marauder  
  178  15:32  Factory Tech Lab  
  178  15:35  Thor  
  180  15:36  Refinery  
  180  15:38  Refinery  
  186  15:48  Terran Vehicle And Ship Armor Level 3  
  186  15:51  Marauder  
  186  15:53  Viking x2, Siege Tank  
  195  15:58  Terran Infantry Armor Level 1  
  195  16:09  Siege Tank  
  198  16:13  Marauder  
  162  16:52  Siege Tank x4  
  162  16:53  Viking  
  162  16:54  Viking  
  176  16:55  Siege Tank  
  176  16:58  Marauder  
  181  17:07  Terran Ship Weapons Level 1  
  181  17:19  Marauder  
  183  17:23  Viking  
  183  17:24  Thor, Siege Tank x3  
  194  17:40  Marauder  
  196  17:49  Siege Tank  
  180  18:28  Siege Tank x3  
  189  18:35  Viking x2  
  152  19:05  Viking x2  
  147  19:19  Marauder  
  147  19:20  Siege Tank x4  
  147  19:21  Thor  
  167  19:35  Viking x2  
  171  19:40  Marauder  
  160  19:52  Thor x3  
  163  19:53  Siege Tank  
  160  20:01  Marauder  
  160  20:05  Viking x2  
  166  20:08  Siege Tank  
  167  20:23  Marauder  
  167  20:25  Siege Tank  
  166  20:35  Siege Tank  
  167  20:44  Marauder  
  153  21:46  Viking x2  
  157  21:48  Thor x4  
  157  21:49  Siege Tank  
  184  22:16  Viking x2  
Show
View Real Time Build Order
Export as new Build Order

Anarchy Terran 

Build Orders: Mech 

Get SALT Encoding   

  12  0:01  SCV  
  13  0:13  SCV  
  14  0:20  Supply Depot  
  14  0:25  SCV  
  15  0:30  Refinery  
  15  0:41  SCV  
  16  0:48  Barracks  
  16  0:53  SCV  
  17  1:05  SCV  
  18  1:17  SCV  
  19  1:30  SCV  
  20  1:33  Supply Depot  
  20  1:36  Reaper  
  21  1:45  Orbital Command  
  21  2:00  Command Center  
  21  2:14  SCV  
  22  2:21  Barracks Tech Lab  
  22  2:25  Factory  
  22  2:26  SCV  
  23  2:38  SCV  
  24  2:47  Supply Depot  
  24  2:50  SCV  
  25  2:52  Refinery  
  25  3:02  SCV  
  26  3:05  Barracks Reactor  
  26  3:12  Supply Depot  
  26  3:15  SCV  
  28  3:21  Orbital Command  
  28  3:22  Siege Tank  
  28  3:27  SCV  
  31  3:39  SCV  
  32  3:41  Factory  
  32  3:46  Marine x2  
  34  3:51  SCV, Supply Depot  
  34  3:52  SCV  
  36  4:03  SCV  
  36  4:04  SCV  
  36  4:09  Engineering Bay  
  38  4:15  SCV  
  38  4:16  SCV  
  40  4:17  Siege Tank  
  43  4:27  SCV  
  44  4:31  Command Center  
  44  4:32  SCV  
  45  4:39  SCV  
  45  4:44  SCV  
  45  4:45  Hellion x2  
  51  4:50  Siege Tank  
  54  4:56  SCV, Supply Depot  
  54  4:57  SCV  
  56  5:02  Missile Turret  
  56  5:04  Missile Turret  
  56  5:08  SCV  
  56  5:09  SCV  
  59  5:21  SCV x2  
  59  5:27  Siege Tank  
  63  5:29  Hellion x2  
  63  5:33  SCV x2  
  69  5:40  Armory  
  69  5:49  Command Center  
  69  5:50  SCV x2  
  69  5:55  Hellion x2  
  75  6:02  SCV, Supply Depot  
  75  6:03  SCV  
  80  6:05  Refinery  
  80  6:06  Refinery  
  80  6:09  Supply Depot  
  81  6:13  Planetary Fortress  
  80  6:21  SCV x2  
  82  6:30  Thor  
  85  6:33  SCV x2, Hellbat x2  
  91  6:45  SCV x2  
  93  6:49  Armory  
  93  6:54  Factory  
  93  6:57  SCV x2  
  93  6:59  SCV  
  96  7:09  SCV x2  
  96  7:14  Command Center  
  98  7:17  Supply Depot  
  98  7:22  Supply Depot  
  98  7:23  Supply Depot  
  98  7:25  Supply Depot  
  98  7:26  Supply Depot  
  98  7:44  SCV  
  98  7:45  SCV x2  
  98  7:47  Refinery  
  98  7:51  Missile Turret  
  101  7:53  Sensor Tower, Factory Tech Lab  
  101  7:54  Refinery, Thor  
  101  7:56  SCV, Hellbat x2  
  101  7:57  SCV x2  
  114  8:08  Terran Vehicle Weapons Level 1, Terran Vehicle And Ship Armor Level 1  
  114  8:17  Factory  
  114  8:18  Factory  
  114  8:20  Factory  
  114  8:26  Hellbat x3  
  120  8:34  SCV x3  
  120  8:36  Planetary Fortress  
  123  8:47  SCV x3  
  126  8:50  Thor  
  126  8:52  Hellbat  
  126  8:53  Hellbat x2  
  136  9:20  Thor  
  136  9:22  Hellbat  
  136  9:23  Hellbat  
  128  9:32  Thor  
  128  9:33  SCV x2  
  128  9:34  SCV x2  
  118  9:52  SCV x4  
  122  9:55  Hellbat x2  
  122  9:59  Factory Tech Lab x3  
  126  10:03  Thor  
  132  10:16  Supply Depot  
  132  10:17  Supply Depot  
  132  10:18  Supply Depot  
  132  10:19  Supply Depot  
  132  10:21  Supply Depot  
  132  10:22  SCV x3  
  132  10:23  SCV  
  132  10:27  Hellbat, Thor x3  
  156  10:29  Hellbat x2  
  156  10:33  Refinery x2  
  160  11:15  Sensor Tower  
  160  11:18  Missile Turret, Command Center  
  160  11:20  Refinery  
  160  11:24  Refinery  
  160  11:46  Refinery, Sensor Tower  
  160  11:47  Refinery  
  160  11:49  Terran Vehicle Weapons Level 2, Terran Vehicle And Ship Armor Level 2  
  160  11:50  Missile Turret  
  160  11:52  Thor  
  160  11:53  Thor  
  178  11:55  Hellbat x3  
  178  11:56  Hellbat  
  186  12:09  Refinery  
  186  12:23  Planetary Fortress  
  186  12:46  Planetary Fortress  
  186  13:01  Thor x2  
  186  13:03  Hellbat  
  200  13:12  Factory x2  
  200  13:14  Factory x2  
  200  13:22  Factory  
  200  13:39  Infernal Pre-Igniter  
  200  13:40  Drilling Claws, Smart Servos  
  200  13:41  Mag-Field Accelerator  
  200  14:22  Terran Vehicle Weapons Level 3, Terran Vehicle And Ship Armor Level 3  
  166  14:51  Thor  
  166  14:52  Thor x3  
  190  14:53  Factory Tech Lab x5  
  190  14:59  Hellion  
  194  15:00  Hellion  
  194  15:21  Starport  
  194  15:24  Starport x2  
  194  15:25  Starport  
  194  15:28  Starport  
  194  15:38  Hellion x2  
  194  16:13  Thor  
  196  16:26  Starport Tech Lab x4  
  190  16:44  Thor x2  
  190  16:45  Thor x3  
  190  16:46  Thor x2  
  196  16:49  Banshee x4  
  196  17:25  Fusion Core  
  186  17:40  SCV x4  
  186  17:41  SCV  
  186  17:44  Thor  
  182  18:19  Thor x2  
  183  18:20  Thor  
  183  18:22  Thor  
  185  18:28  Battlecruiser x2  
  178  18:50  SCV x2  
  178  18:51  SCV  
  182  18:58  Battlecruiser x2  
  182  19:02  SCV  
  133  19:11  Factory Tech Lab  
  125  19:22  Thor x4  
  148  19:35  Supply Depot  
  148  19:36  Supply Depot  
  148  19:37  Supply Depot x2  
  148  19:38  Supply Depot  
  148  19:39  Supply Depot x2  
  148  19:42  Supply Depot, Thor  
  148  19:45  Thor  
  148  19:48  Thor x2  
  130  20:04  Battlecruiser x4  
  148  20:19  SCV x3  
  148  20:20  Thor x3  
  157  20:31  SCV x3  
  136  20:36  Supply Depot  
  136  20:37  Supply Depot  
Tags
 
Composition
Mech
League
GoldGold
Matchup
TvT
Race
Terran
Spawn Locations
Cross Positions
Add a new tag
Caveats
  • Supply blocks, unpowered buildings, or Contaminate may cause inaccurate times.
  • Supply counts are checked every 10 seconds.